 Dungeon Sprint DCSS version 0.32-a0-913-g739538afd8 (webtiles) character file.

Game seed: 9301170984361809319

32418 Griffin23 the Slayer (level 13, -1/220 HPs)
             Began as a Minotaur Berserker on Apr 9, 2024.
             Was the Champion of Trog.
             Slain by a wendigo (10 damage)
             ... while paralysed by a wendigo
             ... in the Dungeon (Sprint V: "Ziggurat Sprint").
             The game lasted 00:28:26 (1477 turns).

Griffin23 the Slayer (Minotaur Berserker)           Turns: 1477, Time: 00:28:28

Health: -1/220     AC: 41    Str: 28    XL:     13   Next: 31%
Magic:  12/12      EV:  2    Int:  4    God:    Trog [******]
Gold:   0          SH:  0    Dex: 10    Spells: 12/12 levels left

rFire   + . .        C - +16 obsidian axe {drain, demonic, Mesm ^Drain Fly SInv}
rCold   x . .        E - +18 shield of the Gong {Loud rN+ Will+ rCorr EV-5}
rNeg    + + +        D - +15 Maxwell's patent armour {-Cast -Tele rElec Will+ rCorr}
rPois   +            (helmet restricted)
rElec   +            (no cloak)
rCorr   +            O - +1 pair of gloves of the Crypt {Fly rPois rN++ Str-5}
SInv    +            R - +1 pair of boots "Zyrghoxodgh" {Fly rF+ rC- Slay+5}
Will    ++...        U - amulet of regeneration Stlth
                     B - +6 ring of strength
HPRegen 1.36/turn    q - ring of poison resistance
MPRegen 0.13/turn

%: no teleportation, no spellcasting
@: paralysed, berserking, flying, mesmerised, studying 5 skills
A: horns 2, retaliatory headbutt
a: Renounce Religion, Berserk, Trog's Hand, Brothers in Arms


You were in the Dungeon.
You worshipped Trog.
Trog was exalted by your worship.
You visited 1 branch

Inventory:

Hand Weapons
 a - a +0 falchion
 k - a +5 triple sword
 C - the +16 obsidian axe (weapon) {drain, demonic, Mesm ^Drain Fly SInv}
   (You found it in the Dungeon)

   Mesm:      Its wielder is mesmerised by any visible foes, and it cannot be
   unequipped while any foes are visible.
   SInv:      It lets you see invisible.
   Fly:       It grants you flight.
   ^Drain:    It drains your maximum health when unequipped.
 W - the +3 battleaxe of the Ferocious God {drain, +Blink rN+ Int+2 SInv}
   (You found it in the Dungeon)

   Int+2:     It affects your intelligence (+2).
   rN+:       It protects you from negative energy.
   SInv:      It lets you see invisible.
   +Blink:    It lets you blink.
Armour
 b - a +0 animal skin
 i - a +5 crystal plate armour
 D - the +15 Maxwell's patent armour (worn) {-Cast -Tele rElec Will+ rCorr}
   (You found it in the Dungeon)

   rElec:     It insulates you from electricity.
   Will+:     It increases your willpower.
   -Cast:     It prevents spellcasting.
   -Tele:     It prevents most forms of teleportation.
   rCorr:     It protects you from acid and corrosion.
 E - the +18 shield of the Gong (worn) {Loud rN+ Will+ rCorr EV-5}
   (You found it in the Dungeon)

   Loud:      It is deafeningly noisy when blocking attacks.
   EV-5:      It affects your evasion (-5).
   rN+:       It protects you from negative energy.
   Will+:     It increases your willpower.
   rCorr:     It protects you from acid and corrosion.
 O - the +1 pair of gloves of the Crypt (worn) {Fly rPois rN++ Str-5}
   (You found it in the Dungeon)

   Str-5:     It affects your strength (-5).
   rPois:     It protects you from poison.
   rN++:      It greatly protects you from negative energy.
   Fly:       It grants you flight.
 R - the +1 pair of boots "Zyrghoxodgh" (worn) {Fly rF+ rC- Slay+5}
   (You found it in the Dungeon)

   Slay+5:    It affects your accuracy & damage with ranged weapons and melee
   (+5).
   rF+:       It protects you from fire.
   rC-:       It makes you vulnerable to cold.
   Fly:       It grants you flight.
Jewellery
 q - a ring of poison resistance (right hand)
 v - a ring of flight
 w - a +6 ring of dexterity
 x - a +6 ring of dexterity
 y - a +6 ring of intelligence
 z - a +6 ring of intelligence
 A - a +6 ring of strength
 B - a +6 ring of strength (left hand)
 F - a +4 ring of protection
 G - a ring of see invisible
 H - a ring of positive energy
 I - a ring of fire
 M - the ring "Seuti" {rCorr Int+5}
   (You found it in the Dungeon)

   [ring of resist corrosion]

   Int+5:     It affects your intelligence (+5).
   rCorr:     It protects you from acid and corrosion.
 P - a ring of see invisible
 Q - a ring of positive energy
 S - a ring of protection from cold
 U - an amulet of regeneration (around neck)
 V - a ring of protection from fire
 X - a +6 ring of strength
Wands
 t - a wand of mindburst (18)
 u - a wand of acid (8)
 K - a wand of flame (21)
 L - a wand of roots (12)
 N - a wand of polymorph (11)
 T - a wand of digging (6)
Scrolls
 h - 4 scrolls of blinking
 j - 6 scrolls of fog
 l - 5 scrolls of identify
 m - 2 scrolls of fear
 n - 4 scrolls of amnesia
 J - 5 scrolls of brand weapon
Potions
 c - 10 potions of curing
 d - 9 potions of heal wounds
 e - 6 potions of haste
 f - 7 potions of magic
 g - 3 potions of berserk rage
 o - 2 potions of invisibility
 p - 4 potions of resistance
 r - 4 potions of might
 s - 2 potions of brilliance


   Skills:
 + Level 22.9 Fighting
 - Level 3.6 Long Blades
 - Level 18.0 Axes
 + Level 22.1 Armour
 - Level 2.1 Dodging
 - Level 11.6 Shields
 + Level 15.2 Evocations


You had 12 spell levels left.
You didn't know any spells.
Your spell library was empty.

Dungeon Overview and Level Annotations

Branches:
Dungeon (1/1)

Altars:
Ashenzari
Cheibriados
Dithmenos
Elyvilon
Fedhas
Gozag
Hepliaklqana
Kikubaaqudgha
Makhleb
Nemelex Xobeh
Okawaru
Qazlal
Ru
Sif Muna
Trog
Uskayaw
Vehumet
Wu Jian
Xom
Yredelemnul
Zin
The Shining One
Beogh
Jiyva
Lugonu


Innate Abilities, Weirdness & Mutations

You have a pair of horns on your head.
You reflexively headbutt those who attack you in melee.


Message History

You block the Ice Fiend's attack.
GONNNNG!
Unknown command.
You slice the Ice Fiend!!
The Ice Fiend is heavily wounded.
You completely miss the wendigo.
Visions of slaying the wendigo flood into your mind.
A tormentor comes into view.
Unknown command.
You slice the Ice Fiend like a ripe choko!!!
You headbutt the Ice Fiend!
The Ice Fiend is almost dead.
You hit the wendigo. You open a gate to Pandemonium!
A demon appears!
You block the Ice Fiend's attack.
GONNNNG!
You block the Ice Fiend's attack.
GONNNNG!
Unknown command.
You slice the Ice Fiend!!
You feel the power of Trog in you as your rage grows.
You kill the Ice Fiend!
Trog accepts your kill.
You slash the wendigo!
The tormentor calls on the powers of darkness!
Your body is wracked with pain!
* * * LOW HITPOINT WARNING * * *
Your Armour skill increases to level 22!
You slash the tormentor!
The tormentor is severely wounded.
You closely miss the wendigo.
The wendigo fires a burst of electricity at you.
The stunning burst hits you! You resist.
You suddenly lose the ability to move!
* * * LOW HITPOINT WARNING * * *
Visions of slaying the tormentor flood into your mind.
The tormentor calls on the powers of darkness!
Your body is wracked with pain!
* * * LOW HITPOINT WARNING * * *
The wendigo claws you but does no damage.
The wendigo bites you!
You die...

▓..[:[..:...▓▓..
}:[:|...▓..[|))..[..▓▓..
........▓......)....▓▓..
..........▓...........▓▓..
............2▓...........▓▓..
...........2R▓...........▓▓..
........29ZZ▓..▓.....▓..▓▓▓▓
▓......Z▓R2▓.▓▓▓..)▓▓▓.▓..ß ▓
▓▓.....▓▓▓@▓..▓..())▓(.▓..[
▓..▓.......▓33▓.....©)))).▓...
▓.............▓▓▓▓▓▓▓▓▓▓▓▓▓.††
▓......©......▓....ß©ß....▓...
▓▓▓▓▓▓▓▓▓▓▓▓▓▓▓..).[[).)..▓.▓.
▓....:...:..▓...
▓...........▓▓▓▓
▓...........▓...
▓...........▓..[


You could see 2 wendigos, a nargun, 2 hellions, 2 tormentors, a ball python
simulacrum, an adder simulacrum, a friendly neqoxec (summoned) and a friendly
ynoxinul (summoned).

Vanquished Creatures
  A pearl dragon (D)
  An Ice Fiend (D)
  3 deep elf master archers (D)
  2 shadow dragons (D)
  A nargun (D)
  A ghoul (D)
  A very ugly thing (D)
  A stone giant (D)
  An ophan (D)
  A wendigo (D)
  2 yaktaur captains (D)
  An anaconda (shapeshifter) (D)
  A centaur warrior (D)
  7 soul eaters (D)
  A death drake (D)
  A death drake (shapeshifter) (D)
  A spriggan druid (D)
  A cherub (D)
  An ugly thing (D)
  A manticore (shapeshifter) (D)
  3 cyclopes (D)
  A rime drake (D)
  A yaktaur (D)
  An ice devil (D)
  A merfolk (D)
  A merfolk (shapeshifter) (D)
  A wind drake (D)
  A snapping turtle (shapeshifter) (D)
  2 spriggans (D)
  An ushabti (D)
  2 yaks (D)
  An ice beast (D)
  2 black bears (D)
  An orc warrior (D)
  A tengu (shapeshifter) (D)
  3 wolves (D)
  2 centaurs (D)
  A bullfrog (D)
  A scorpion (D)
  2 white imps (D)
  An adder zombie (D)
  3 adder skeletons (D)
  2 orcs (D)
  2 bat zombies (D)
  2 ball python skeletons (D)
  A ball python zombie (D)
  2 bat simulacra (D)
  2 spectral ball pythons (D)
74 creatures vanquished.

Vanquished Creatures (collateral kills)
  2 ghouls (D)
  An apis (D)
  A mummy priest (D)
  A death scarab (D)
  An ugly thing (D)
  A yaktaur (D)
  2 freezing wraiths (D)
  A merfolk (D)
  2 wind drakes (D)
  A jumping spider (D)
  A spriggan (D)
  A black bear (shapeshifter) (D)
  2 orc warriors (D)
  A black bear (D)
  2 scorpions (D)
  A quasit (D)
  An orc wizard (D)
  A mummy (D)
  2 white imps (D)
  An ufetubus (D)
  2 adder skeletons (D)
  An adder simulacrum (D)
  An orc (D)
  2 bat zombies (D)
  2 bat simulacra (D)
  A quokka skeleton (D)
  3 spectral ball pythons (D)
38 creatures vanquished.

Vanquished Creatures (others)
  A centaur (D)
1 creature vanquished.

Grand Total: 113 creatures vanquished

Notes
Turn   | Place    | Note
-------+----------+-------------------------------------------
     0 | D        | Griffin23 the Minotaur Berserker began the quest for the
                  | Orb.
     0 | D        | Reached XP level 1. HP: 19/19 MP: 0/0
    13 | D        | Found a blossoming altar of Fedhas.
    13 | D        | Found the +6 Majin-Bo {spellvamp, MP+6 Int+6}
    13 | D        | Found the +27 heavy crossbow "Sniper" {heavy, Acc+∞ SInv}
    13 | D        | Found the +10 dark maul {heavy}
    13 | D        | Found the +15 Maxwell's patent armour {-Cast -Tele rElec
                  | Will+ rCorr}
    13 | D        | Found the +18 shield of the Gong {Loud rN+ Will+ rCorr
                  | EV-5}
    13 | D        | Found the +16 obsidian axe {drain, demonic, Mesm ^Drain Fly
                  | SInv}
    13 | D        | Found the +7 great mace "Firestarter" {flame, immolate,
                  | rFlCloud rF++}
    13 | D        | Found the +6 shillelagh "Devastator" {shatter}
    13 | D        | Found the +11 plutonium sword {^Contam Stlth-}
    13 | D        | Found the +8 lance "Wyrmbane" {slay drac, rPois rF+ rC+
                  | AC+3}
    13 | D        | Found the +9 sword of Zonguldrok {reap}
    13 | D        | Found the +13 scythe of Curses {drain, curses, ^Drain}
    13 | D        | Found the +9 sword of Power {lifebolt}
    13 | D        | Found the +7 mace of Variability {chaos, chaos arc}
    13 | D        | Found the +11 Singing Sword {sonic wave}
    13 | D        | Found the +8 storm bow {elec, penet}
    20 | D        | Found a viscous altar of Jiyva.
    20 | D        | Found a hazy altar of Hepliaklqana.
    20 | D        | Found a transporter.
    20 | D        | Found an opulent altar of Gozag.
    20 | D        | Found an ancient bone altar of Kikubaaqudgha.
    20 | D        | Found a corrupted altar of Lugonu.
    43 | D        | Found a burning altar of Makhleb.
    44 | D        | Found a sacrificial altar of Ru.
    44 | D        | Found a stormy altar of Qazlal.
    44 | D        | Found a shimmering blue altar of Sif Muna.
    44 | D        | Found an iron altar of Okawaru.
    44 | D        | Found a bloodstained altar of Trog.
    44 | D        | Found a sparkling altar of Nemelex Xobeh.
   125 | D        | Reached XP level 2. HP: 31/31 MP: 1/1
   195 | D        | Entered arena 2.
   195 | D        | Noticed a spriggan
   195 | D        | Noticed a black bear
   195 | D        | Found a transporter.
   199 | D        | Killed a spriggan
   199 | D        | Killed a black bear
   200 | D        | Reached skill level 10 in Axes
   200 | D        | Reached skill level 5 in Shields
   200 | D        | Reached XP level 3. HP: 41/41 MP: 2/2
   200 | D        | Reached XP level 4. HP: 49/49 MP: 3/3
   200 | D        | Reached XP level 5. HP: 56/56 MP: 4/4
   255 | D        | Entered arena 3.
   255 | D        | Noticed a yak
   255 | D        | Noticed a yak
   255 | D        | Found a transporter.
   258 | D        | Reached ** piety under Trog
   259 | D        | Reached XP level 6. HP: 62/62 MP: 5/5
   259 | D        | Killed a yak
   260 | D        | Killed a yak
   261 | D        | Reached XP level 7. HP: 71/71 MP: 6/6
   411 | D        | Entered arena 4.
   411 | D        | Found a transporter.
   416 | D        | Reached *** piety under Trog
   428 | D        | Entered arena 5.
   428 | D        | Found the +1 eveningstar "Brilliance" {foul flame, Umbra}
   428 | D        | Noticed a jumping spider
   428 | D        | Found a transporter.
   430 | D        | Killed a jumping spider
   430 | D        | Reached **** piety under Trog
   431 | D        | Reached skill level 10 in Fighting
   451 | D        | Entered arena 6.
   451 | D        | Found a transporter.
   453 | D        | Reached ***** piety under Trog
   454 | D        | Received a gift from Trog
   455 | D        | Reached XP level 8. HP: 81/81 MP: 7/7
   484 | D        | Entered arena 7.
   484 | D        | Noticed a wind drake
   484 | D        | Noticed a merfolk
   484 | D        | Noticed a wind drake
   484 | D        | Noticed a wind drake
   484 | D        | Noticed a merfolk
   486 | D        | Found a transporter.
   490 | D        | Killed a merfolk
   490 | D        | Killed a wind drake
   493 | D        | Killed a wind drake
   494 | D        | Reached skill level 15 in Axes
   494 | D        | Reached skill level 10 in Armour
   494 | D        | Killed a wind drake
   495 | D        | Reached skill level 10 in Shields
   495 | D        | Killed a merfolk
   496 | D        | Reached XP level 9. HP: 89/90 MP: 8/8
   515 | D        | Got the ring "Seuti" {rCorr Int+5}
   541 | D        | Entered arena 8.
   541 | D        | Noticed a death scarab
   541 | D        | Noticed a mummy priest
   542 | D        | Noticed an ice devil
   543 | D        | Killed a death scarab
   544 | D        | Found a transporter.
   544 | D        | Received a gift from Trog
   550 | D        | Killed a mummy priest
   557 | D        | Got the +1 pair of gloves of the Crypt {Fly rPois rN++
                  | Str-5}
   589 | D        | Entered arena 9.
   590 | D        | Found a transporter.
   592 | D        | Reached ****** piety under Trog
   593 | D        | Reached skill level 1 in Evocations
   594 | D        | Noticed a soul eater
   619 | D        | Got the +8 hand axe of Hepliaklqana's Favour {pain,
                  | *Corrode rN+ Will+ Int+5}
   636 | D        | Entered arena 10.
   636 | D        | Noticed a spriggan druid
   638 | D        | Found a transporter.
   641 | D        | Received a gift from Trog
   642 | D        | Reached XP level 10. HP: 101/101 MP: 9/9
   646 | D        | Received a gift from Trog
   647 | D        | Killed a spriggan druid
   680 | D        | Entered arena 11.
   680 | D        | Noticed a death drake
   681 | D        | Found a transporter.
   686 | D        | Reached skill level 5 in Evocations
   687 | D        | Received a gift from Trog
   688 | D        | Killed a death drake
   689 | D        | Reached skill level 15 in Fighting
   702 | D        | Got the +1 pair of boots "Zyrghoxodgh" {Fly rF+ rC- Slay+5}
   727 | D        | Entered arena 12.
   727 | D        | Noticed a white ugly thing
   727 | D        | Noticed a deep troll
   727 | D        | Noticed a cane toad
   727 | D        | Noticed a purple very ugly thing
   727 | D        | Noticed a white ugly thing
   728 | D        | a swamp worm changed into a faun
   728 | D        | Noticed a faun (glowing shapeshifter)
   728 | D        | Noticed a glowing orange brain
   729 | D        | a glowing orange brain changed into a sea snake
   729 | D        | Noticed a sea snake (glowing shapeshifter)
   729 | D        | Noticed a death drake
   730 | D        | a deep troll changed into an eye of devastation
   730 | D        | Noticed an eye of devastation (glowing shapeshifter)
   730 | D        | a cane toad changed into a tengu
   731 | D        | Killed a white ugly thing
   732 | D        | Found a transporter.
   732 | D        | a redback changed into an anaconda
   732 | D        | Noticed an anaconda (glowing shapeshifter)
   734 | D        | a sea snake changed into an orb spider
   734 | D        | Noticed an orb spider (glowing shapeshifter)
   735 | D        | Killed a white ugly thing
   736 | D        | an eye of devastation changed into a sea snake
   736 | D        | Noticed a sea snake (glowing shapeshifter)
   736 | D        | a faun changed into a death drake
   736 | D        | Noticed a death drake (glowing shapeshifter)
   738 | D        | Killed an anaconda
   738 | D        | Received a gift from Trog
   738 | D        | an orb spider changed into a snapping turtle
   739 | D        | Reached skill level 15 in Armour
   739 | D        | Reached XP level 11. HP: 114/114 MP: 10/10
   740 | D        | a sea snake changed into a manticore
   744 | D        | a death drake changed into a snapping turtle
   744 | D        | a snapping turtle changed into a fire dragon
   744 | D        | Noticed a fire dragon (glowing shapeshifter)
   748 | D        | Killed a purple very ugly thing
   748 | D        | Killed a death drake
   751 | D        | a fire dragon changed into a merfolk
   792 | D        | Entered arena 13.
   792 | D        | Noticed an apis
   793 | D        | Noticed a pearl dragon
   793 | D        | Noticed a cherub
   793 | D        | Noticed an ophan
   799 | D        | Killed an apis
   799 | D        | Received a gift from Trog
   802 | D        | Killed an ophan
   805 | D        | Killed a pearl dragon
   806 | D        | Reached skill level 10 in Evocations
   808 | D        | Killed a cherub
   809 | D        | Found a transporter.
  1058 | D        | Entered arena 14.
  1059 | D        | Noticed a soul eater
  1059 | D        | Noticed a soul eater
  1060 | D        | Noticed a soul eater
  1060 | D        | Noticed a ghoul
  1060 | D        | Noticed a shadow dragon
  1060 | D        | Noticed a soul eater
  1065 | D        | Received a gift from Trog
  1066 | D        | Found a transporter.
  1070 | D        | Killed a soul eater
  1071 | D        | Killed a soul eater
  1072 | D        | Killed a soul eater
  1077 | D        | Killed a ghoul
  1077 | D        | Received a gift from Trog
  1078 | D        | Reached XP level 12. HP: 130/130 MP: 11/11
  1084 | D        | Killed a shadow dragon
  1227 | D        | Entered arena 15.
  1228 | D        | Noticed a shadow dragon
  1228 | D        | Noticed a ghoul
  1229 | D        | Noticed a ghoul
  1231 | D        | Found a transporter.
  1232 | D        | Received a gift from Trog
  1241 | D        | Killed a shadow dragon
  1241 | D        | Killed a ghoul
  1243 | D        | Received a gift from Trog
  1248 | D        | Killed a ghoul
  1296 | D        | Got the +3 battleaxe of the Ferocious God {drain, +Blink
                  | rN+ Int+2 SInv}
  1299 | D        | Entered arena 16.
  1300 | D        | Noticed a centaur warrior
  1300 | D        | Noticed a deep elf master archer
  1300 | D        | Noticed a yaktaur captain
  1300 | D        | Noticed a deep elf master archer
  1302 | D        | Noticed a deep elf master archer
  1303 | D        | Noticed a stone giant
  1304 | D        | Noticed a yaktaur captain
  1311 | D        | Killed a yaktaur captain
  1314 | D        | Killed a centaur warrior
  1315 | D        | Killed a yaktaur captain
  1320 | D        | Received a gift from Trog
  1322 | D        | Killed a deep elf master archer
  1323 | D        | Killed a deep elf master archer
  1327 | D        | Killed a deep elf master archer
  1328 | D        | Reached XP level 13. HP: 93/145 MP: 12/12
  1330 | D        | Killed a stone giant
  1333 | D        | Received a gift from Trog
  1413 | D        | Found a transporter.
  1450 | D        | Entered arena 17.
  1456 | D        | Noticed a wendigo
  1456 | D        | Noticed a nargun
  1456 | D        | Noticed an Ice Fiend
  1458 | D        | Noticed a wendigo
  1466 | D        | Noticed a nargun
  1467 | D        | Noticed a wendigo
  1470 | D        | Killed a nargun
  1470 | D        | Received a gift from Trog
  1471 | D        | Killed a wendigo
  1472 | D        | Reached skill level 15 in Evocations
  1475 | D        | Killed an Ice Fiend
  1476 | D        | Paralysed by a wendigo for 1 turns
  1476 | D        | HP: 9/220 [wendigo/stunning burst (11)]
  1477 | D        | Slain by a wendigo

Illustrated notes

Levels and vault maps discovered:
D:        sprint_v [room_start, room_1, room_2, room_3, room_4, room_5, room_6,
          room_7, room_8, room_9, room_10, room_11, room_12, room_13, room_14,
          room_15, room_16, room_17, room_18, room_19, room_20, room_21,
          room_22, room_23, room_24, room_25, room_26, room_27]

Skill      XL: |  1  2  3  4  5  6  7  8  9 10 11 12 13 |
---------------+----------------------------------------+-----
Fighting       | 6 8 9 10 12 13 16 19 22 | 22.9
Axes           | 7 10 11 12 13 15 17 18 | 18.0
Armour         | 6 7 9 10 12 15 18 21 22 | 22.1
Shields        | 5 7 8 10 11 | 11.6
Evocations     | 2 7 11 14 15 | 15.2
Long Blades    | |  3.6
Dodging        | |  2.1

Action                     |  1- 3 |  4- 6 |  7- 9 | 10-12 | 13-15 || total
---------------------------+-------+-------+-------+-------+-------++-------
  Melee: Broad axe         |     3 |     3 |    26 |    82 |    16 ||   130
         Headbutt          |       |       |     4 |    15 |     1 ||    20
 Invoke: Berserk           |     1 |     1 |     3 |     4 |     1 ||    10
         Brothers in Arms  |       |       |       |     1 |       ||     1
  Evoke: Wand              |       |       |       |    22 |     1 ||    23
    Use: Potion            |     1 |       |       |     2 |       ||     3
         Scroll            |       |       |       |     1 |       ||     1
   Stab: Distracted        |       |       |     1 |       |       ||     1
 Armour: Plate armour      |     3 |       |    11 |    50 |    13 ||    77
  Dodge: Dodged            |       |       |       |     2 |       ||     2
  Block: Kite shield       |     6 |     2 |    28 |   117 |    19 ||   172

Table legend: (Time is in decaauts)
 A = Elapsed time spent in this place.
 B = Non-inter-level travel time spent in this place.
 C = Inter-level travel time spent in this place.
 D = Time resting spent in this place.
 E = Time spent auto-exploring this place.
 F = Levels seen in this place.
 G = Mean time per level.
                   A        B        C        D        E       F      G
               +--------+--------+--------+--------+--------+-----+--------+
         Total |   1536 |   1536 |      0 |    581 |      3 |   1 | 1536.0 |
       Dungeon |   1536 |   1536 |      0 |    581 |      3 |   1 | 1536.0 |
               +--------+--------+--------+--------+--------+-----+--------+

Top non-repeatable levels by time:
       D: 1536 daAuts
